 Dungeon Crawl Stone Soup version 0.25.0-10-g039870ee82 (webtiles) character file.

Game seed: 12223946285284870715

194 Lavandula the Bolt Thrower (level 5, 0/44 HPs)
             Began as a Naga Arcane Marksman on June 23, 2020.
             Slain by an orc
             ... wielding a +0 flail
              (9 damage)
             ... on level 4 of the Dungeon.
             The game lasted 00:06:44 (1957 turns).

Lavandula the Bolt Thrower (Naga Arcane Marksman)   Turns: 1957, Time: 00:06:44

Health: 0/44       AC:  2    Str: 13    XL:     5   Next: 73%
Magic:  6/6        EV: 10    Int: 14    God:
Gold:   173        SH:  0    Dex: 11    Spells: 5/6 levels left

rFire    . . .     SeeInvis +   o - +2 dagger (vamp)
rCold    . . .     Gourm    .   (no shield)
rNeg     . . .     Faith    .   e - +0 robe
rPois    +         Spirit   .   (no helmet)
rElec    .         Reflect  .   (no cloak)
rCorr    .         Harm     .   (no gloves)
MR       .....     Rnd*Tele +   (no barding)
Stlth    +.........             (no amulet)
HPRegen  0.14/turn              q - ring of teleportation (curse)
MPRegen  0.10/turn              (no ring)

@: very slow
A: large, see invisible, deformed body, poison resistance, slowness 2, slow
metabolism 1, spit poison 1, AC +1
a: Spit Poison


You were on level 4 of the Dungeon.
You were not hungry.

You visited 1 branch of the dungeon, and saw 4 of its levels.

You collected 173 gold pieces.

Inventory:

Hand Weapons
 a - a +0 hand crossbow
 k - a +0 dagger
 o - a +2 vampiric dagger (weapon)
Armour
 e - a +0 robe (worn)
Jewellery
 m - an uncursed ring of stealth {unknown}
 q - a cursed ring of teleportation (left hand)
 s - a +6 ring of dexterity {unknown}
Scrolls
 b - a scroll of fear {unknown}
 d - a scroll of magic mapping {unknown}
 h - a scroll of enchant armour {unknown}
 j - a scroll of enchant weapon {unknown}
 n - a scroll of fog {unknown}
Potions
 i - a potion of brilliance
 l - a potion of degeneration
Comestibles
 f - 5 rations


   Skills:
 - Level 1.0 Fighting
 + Level 1.8 Short Blades
 - Level 4.8 Crossbows
 - Level 1.5 Dodging
 - Level 1.0 Spellcasting
 - Level 3.0 Hexes


You had 5 spell levels left.
You knew the following spells:

 Your Spells              Type           Power        Failure   Level  Hunger
a - Corona                Hex            #......      8%          1    ##.....

Your spell library contained the following spells:

 Spells                   Type           Power        Failure   Level  Hunger
 Slow                     Hex            #.......     12%         2    ###....
 Inner Flame              Hex/Fire       #.......     38%         3    ####...
 Portal Projectile        Hex/Tloc       #.....       38%         3    ####...
 Cause Fear               Hex            #.........   58%         4    #####..
 Leda's Liquefaction      Hex/Erth       #.........   80%         4    #####..


Dungeon Overview and Level Annotations

Branches:
Dungeon (4/15)
 Temple: D:4-7

Altars:

Shops:
D:4 [

Annotations:
D:2 Sigmund


Innate Abilities, Weirdness & Mutations

You cannot wear boots.
Your serpentine skin is tough. (AC +1)
You have supernaturally acute eyesight. (SInv)
Armour fits poorly on your strangely shaped body.
Your system is resistant to poisons. (rPois)
You cover ground very slowly.
You have a slow metabolism.
You can spit poison.


Message History

You have got your breath back.
Eat a chunk of flesh? (ye/n/q)
You eat the chunk of flesh.
This raw flesh tastes terrible.
You start resting.
The orc is too close now for your liking.
The orc throws a boomerang.
The boomerang hits you.
* * * LOW HITPOINT WARNING * * *
The weapon returns to the orc!
Press: ? - help, Shift-Dir - straight line, f - orc
Aim: an orc, wielding a +0 flail, wearing a +0 leather armour and quivering 3 boomerangs The splash of poison misses the orc.
You feel slightly more hungry.
You barely miss the orc. The orc hits you with a +0 flail.
* * * LOW HITPOINT WARNING * * *
Unknown command.
You barely miss the orc.
Unknown command.
You hit the orc but do no damage.
You have got your breath back.
The orc hits you with a +0 flail!
You die...

........#
........#
##...#.
..oo....# ....'
# ........#
##...#'##
.........
#!......#
........#
#.......#
......((.
#.......#
.......(#
#######o......#
........#
#.....@......(#
.......
#.###########(#
....... ..
#.....#.#
....... ##
#.###.#.#
....... #.#
#.#.# [......
#.###.#.#
#######
#..<#.#.#
#######
#.....#.#
#......
#.#####.#
#.#####


You could see an orc.

Vanquished Creatures
  An orc wizard (D:4)
  Terence (D:2)
  A hound skeleton (D:4)
  5 adders
  An ooze (D:4)
  4 worms
  2 dart slugs
  A leopard gecko (D:3)
  2 orcs (D:4)
  10 bats
  A giant cockroach (D:2)
  8 goblins
  5 hobgoblins
  7 jackals
  5 kobolds
  A frilled lizard (D:2)
  9 rats
64 creatures vanquished.

Notes
Turn   | Place    | Note
-------+----------+-------------------------------------------
     0 | D:1      | Lavandula the Naga Arcane Marksman began the quest for the
                  | Orb.
     0 | D:1      | Reached XP level 1. HP: 18/18 MP: 2/2
    72 | D:1      | Reached skill level 2 in Crossbows
   123 | D:1      | Reached XP level 2. HP: 25/25 MP: 3/3
   145 | D:2      | Noticed Terence
   443 | D:2      | Reached skill level 3 in Crossbows
   458 | D:2      | Reached XP level 3. HP: 31/31 MP: 4/4
   472 | D:2      | Killed Terence
   483 | D:2      | Reached XP level 4. HP: 36/38 MP: 5/5
   589 | D:2      | Noticed Sigmund
   681 | D:1      | Reached skill level 4 in Crossbows
  1167 | D:3      | Reached XP level 5. HP: 44/44 MP: 6/6
  1677 | D:4      | Found Hoistr Rufy's Armour Shoppe.
  1816 | D:4      | HP: 2/44 [orc/+0 dagger (3)]
  1898 | D:4      | Reached skill level 1 in Short Blades
  1957 | D:4      | Slain by an orc

Illustrated notes

Levels and vault maps discovered:
D:1:      dpeg_arrival_arbitrary_a, layout_basic, kennysheep_boxes
D:2:      layout_rooms, chequers_temple_overflow_statue_of_worship,
          uniq_terence, uniq_sigmund
D:3:      layout_basic, first_ration, solitary_fountain
D:4:      layout_basic, serial_shops, nicolae_shop_statue_plus

Skill      XL: |  1  2  3  4  5 |
---------------+----------------+-----
Crossbows      | 2 3 4 |  4.8
Short Blades   | 1 |  1.8
Fighting       | |  1.0
Dodging        | |  1.5
Spellcasting   | |  1.0
Hexes          | |  3.0

Action                   |  1- 3 |  4- 6 || total
-------------------------+-------+-------++-------
Melee: Dagger            |       |    80 ||    80
 Fire: Hand crossbow     |    50 |    67 ||   117
Throw: Dart              |       |     9 ||     9
 Abil: Spit Poison       |     7 |    21 ||    28
  Use: Scroll            |       |     5 ||     5
  Eat: Chunk             |       |     4 ||     4
Armor: Robe              |     3 |    20 ||    23
Dodge: Dodged            |     8 |    66 ||    74
